 Dungeon Crawl Stone Soup version 0.25-a0-1119-g28b6fd0c3b (webtiles) character file.

Game seed: 4316883101290502211, levelgen mode: deterministic

4 Esekla the Magician (level 1, 0/11 HPs)
             Began as an Octopode Wizard on May 17, 2020.
             Slain by an adder (2 damage)
             ... on level 2 of the Dungeon.
             The game lasted 00:02:16 (423 turns).

Esekla the Magician (Octopode Wizard)                Turns: 423, Time: 00:02:17

Health: 0/11       AC:  1    Str:  6    XL:     1   Next: 60%
Magic:  4/4        EV: 13    Int: 20    God:
Gold:   22         SH:  0    Dex: 10    Spells: 5/6 levels left

rFire    . . .     SeeInvis .   d - +0 dagger
rCold    . . .     Gourm    .   (no shield)
rNeg     . . .     Faith    .   a - +0 hat
rPois    .         Spirit   .   (no amulet)
rElec    .         Reflect  .   (no ring)
rCorr    .         Harm     .   (no ring)
MR       .....                  (no ring)
Stlth    +++.......             (no ring)
HPRegen  0.03/turn              (no ring)
MPRegen  0.09/turn              (no ring)
                                (no ring)
                                (no ring)

@: lethally poisoned (0 -> -9)
A: almost no armour, stealthy swim, amphibious, 8 rings, constrict 8, camouflage
1, gelatinous body 1
a: no special abilities


You were on level 2 of the Dungeon.
You were not hungry.

You visited 1 branch of the dungeon, and saw 3 of its levels.

You collected 22 gold pieces.

Inventory:

Hand Weapons
 d - a +0 dagger (weapon)
Armour
 a - a +0 hat (worn)
Scrolls
 b - 2 scrolls of teleportation {unknown}
 f - a scroll of remove curse {unknown}
 h - a scroll of enchant weapon {unknown}
Potions
 e - 2 potions of curing {unknown}
 g - a potion of magic {unknown}
Comestibles
 c - 2 rations


   Skills:
 + Level 2.0 Dodging
 - Level 2.6 Stealth
 * Level 3.2 Spellcasting
 + Level 1.0 Conjurations
   Level 1.0 Summonings
   Level 1.0 Translocations


You had 5 spell levels left.
You knew the following spells:

 Your Spells              Type           Power        Failure   Level  Hunger
a - Magic Dart            Conj           #...         10%         1    None

Your spell library contained the following spells:

 Spells                   Type           Power        Failure   Level  Hunger
 Blink                    Tloc           N/A          14%         2    ##.....
 Call Imp                 Summ           #.......     14%         2    ##.....
 Slow                     Hex            #.......     22%         2    ##.....
 Conjure Flame            Conj/Fire      #.......     34%         3    ###....
 Mephitic Cloud           Conj/Pois/Air  #.......     36%         3    ###....


Dungeon Overview and Level Annotations

Branches:
Dungeon (3/15)

Altars:
Zin

Annotations:
D:3 Grinder


Innate Abilities, Weirdness & Mutations

You cannot wear most types of armour.
You are very stealthy in the water. (Stealth+)
You are amphibious.
You can wear up to eight rings at the same time.
You can use your tentacles to constrict eight enemies at once.
Your skin changes colour to match your surroundings (Stealth+).
Your rubbery body absorbs attacks. (AC +1, EV +1)


Message History

Found a stone staircase leading up and a stone staircase leading down.
Grinder comes into view.
Grinder blinks!
There is a stone staircase leading up here.
Grinder gestures at you. Pain shoots through your body!
You climb upwards.
Found a ration.
There is a stone staircase leading down here.
c - 2 rations (gained 1)
There are no items here.
Found a scroll labeled SARENE MALED.
h - a scroll labeled SARENE MALED An adder comes into view.
The adder hisses angrily.
The adder bites you.
* * * LOW HITPOINT WARNING * * *
You are lethally poisoned!
The adder poisons you! The adder bites you.
You die...

### #.' #.#
#.## #.S#
#@####
#..#.######
#.........#
#########.#
##..#######.
#....>......
#.#########.
#.# #.#


You could see an adder.

Vanquished Creatures
  A goblin (D:1)
  A hobgoblin (D:2)
  2 rats
4 creatures vanquished.

Notes
Turn   | Place    | Note
-------+----------+-------------------------------------------
     0 | D:1      | Esekla the Octopode Wizard began the quest for the Orb.
     0 | D:1      | Reached XP level 1. HP: 11/11 MP: 4/4
   202 | D:2      | Found a glowing silver altar of Zin.
   203 | D:2      | Noticed an angel
   404 | D:2      | You fall into a shaft and drop 1 floor!
   405 | D:3      | Noticed Grinder
   423 | D:2      | Slain by an adder

Illustrated notes

Levels and vault maps discovered:
D:1:      ldierk_walled_garden, layout_loops_ring
D:2:      minmay_wonky_spiral, layout_loops_ring, zin_angel, trog_hazing_becter
D:3:      layout_loops_cross, gammafunk_temple_overflow_claw,
          cheibrodos_sewer_entry_bend, uniq_sigmund, uniq_grinder, uniq_jessica,
          uniq_ijyb, uniq_robin

Action                   || total
-------------------------++-------
Melee: Dagger            ||     6
       Constrict         ||     2
       Tentacles         ||     1
 Cast: Magic Dart        ||     5
 Stab: Sleeping          ||     1
Dodge: Dodged            ||     1

Table legend:
 A = Non-vault XP
 B = Vault XP
 C = Vault XP percentage of total XP
 D = Non-vault monster count
 E = Vault monster count
 F = Vault count percentage of total count
                 A         B        C        D         E       F
            +---------+---------+-------+---------+---------+-------
      Total |       6 |       0 |   0.0 |       4 |       0 |   0.0
            +---------+---------+-------+---------+---------+-------
        D:1 |       3 |       0 |   0.0 |       2 |       0 |   0.0
        D:2 |       3 |       0 |   0.0 |       2 |       0 |   0.0
            +---------+---------+-------+---------+---------+-------
